 Dungeon Crawl Stone Soup version 0.28.0-53-g5a82cb258f (webtiles) character file.

Game seed: 17913830142997060553

65067 Shockd the Slayer (level 14, -14/151 HPs)
             Began as a Minotaur Berserker on May 20, 2022.
             Was the Champion of Trog.
             Demolished by an orc warrior
             ... wielding a +0 battleaxe
              (29 damage)
             ... on level 2 of the Orcish Mines.
             The game lasted 00:36:43 (31423 turns).

Shockd the Slayer (Minotaur Berserker)             Turns: 31423, Time: 00:36:43

Health: -14/151    AC: 23    Str: 26    XL:     14   Next: 74%
Magic:  0/13       EV: 11    Int:  8    God:    Trog [******]
Gold:   613        SH:  0    Dex:  9    Spells: 13/13 levels left

rFire   + . .      SeeInvis .   a - +7 broad axe (venom)
rCold   + . .      Faith    .   (no shield)
rNeg    . . .      Spirit   +   k - +0 plate armour
rPois   .          Reflect  .   (helmet restricted)
rElec   .          Harm     .   b - +0 cloak {rCorr}
rCorr   +          Rampage  .   O - +1 pair of gloves "Buackost" {Regen+}
Will    +....                   o - +2 pair of boots
Stlth   ..........              Q - amulet "Racopaut" {Spirit +Blink Int+4 Dex-2 Stlth+}
HPRegen 1.15/turn               d - ring of protection from cold
MPRegen 0.13/turn               u - ring of protection from fire

@: no status effects
A: horns 2, retaliatory headbutt
a: Renounce Religion, Evoke Blink, Berserk, Trog's Hand, Brothers in Arms


You were on level 2 of the Orcish Mines.
You worshipped Trog.
Trog was exalted by your worship.
You visited 4 branches of the dungeon, and saw 21 of its levels.
You also visited: Bailey, Gauntlet and Volcano.

You collected 3121 gold pieces.
You spent 2508 gold pieces at shops.

Inventory:

Hand Weapons
 a - a +7 broad axe of venom (weapon)
 C - a +0 battleaxe
Armour
 b - a +0 cloak of preservation (worn)
 c - the +3 pair of seven-league boots {Rampage+∞}
   (You acquired it on level 8 of the Dungeon)

   Its wearer moves as far as possible in that direction when moving towards
   enemies.
 k - a +0 plate armour (worn)
 o - a +2 pair of boots (worn)
 D - a +2 plate armour of fire resistance
 O - the +1 pair of gloves "Buackost" (worn) {Regen+}
   (You found it in a Gauntlet)

   Regen:     It increases your rate of health regeneration.
Jewellery
 d - a ring of protection from cold (left hand)
 u - a ring of protection from fire (right hand)
 Q - the amulet "Racopaut" (around neck) {Spirit +Blink Int+4 Dex-2 Stlth+}
   (You found it in a Gauntlet)

   [amulet of guardian spirit]

   It causes incoming damage to be divided between your reserves of health and
   magic.
   Int:       It affects your intelligence (+4).
   Dex:       It affects your dexterity (-2).
   +Blink:    It lets you blink.
   Stlth:     It makes you more stealthy.
Wands
 r - a wand of paralysis (4)
 y - a wand of iceblast (12)
 F - a wand of digging (8)
 H - a wand of flame (40)
 R - a wand of polymorph (2)
 S - a wand of charming (3)
Scrolls
 f - a scroll of silence
 j - 5 scrolls of identify
 m - 3 scrolls of summoning
 s - 7 scrolls of blinking
 t - 10 scrolls of teleportation
 B - 3 scrolls of holy word
 K - 4 scrolls of fear
Potions
 e - 4 potions of might {unknown}
 g - 5 potions of degeneration {unknown}
 h - 10 potions of heal wounds {unknown}
 i - a potion of berserk rage {unknown}
 l - 11 potions of ambrosia
 n - a potion of attraction {unknown}
 q - 2 potions of flight {unknown}
 v - 5 potions of lignification {unknown}
 w - 8 potions of haste {unknown}
 x - 4 potions of resistance {unknown}
 z - 6 potions of curing
 A - 3 potions of invisibility {unknown}
 G - a potion of mutation {unknown}
 I - 2 potions of magic {unknown}
 J - a potion of brilliance {unknown}
Miscellaneous
 p - a lightning rod (4/4)


   Skills:
 * Level 21.3 Fighting
 * Level 18.3 Axes
 + Level 13.1 Armour
 + Level 12.1 Dodging


You had 13 spell levels left.
You didn't know any spells.
Your spell library was empty.

Dungeon Overview and Level Annotations

Branches:
Dungeon (13/15)            Temple (1/1) D:4            Lair (5/6) D:11
  Swamp (0/4) Lair:2        Snake (0/4) Lair:2        Slime (0/5) Lair:5
    Orc (2/2) D:12            Elf (0/3) Orc:2        Bailey (visited)
Volcano (visited)         Gauntlet (visited)
 Vaults: D:13-14

Altars:
Ashenzari
Cheibriados
Dithmenos
Elyvilon
Fedhas
Gozag
Hepliaklqana
Kikubaaqudgha
Makhleb
Nemelex Xobeh
Okawaru
Qazlal
Ru
Sif Muna
Trog
Uskayaw
Vehumet
Wu Jian
Xom
Yredelemnul
Zin
The Shining One
Beogh
Jiyva

Shops:
D:3 =   D:12 *   D:13 *=   Orc:1 [[


Innate Abilities, Weirdness & Mutations

You have a pair of horns on your head.
You reflexively headbutt those who attack you in melee.


Message History

The orcs go into a battle-frenzy!
The orc warrior hits you from afar with a +0 trident!!
The orc warrior hits you but does no damage.
The orc warrior closely misses you.
The orc warrior hits you but does no damage.
An orc knight comes into view. It is wielding a +2 great sword.
You hear a shout! x2
You are too injured to fight recklessly!
Unknown command.
You are too injured to fight recklessly!
Unknown command.
You are too injured to fight recklessly!
Unknown command.
You are too injured to fight recklessly!
You barely miss the orc priest. You slash the orc warrior! x2
You kill the orc warrior!
Trog accepts your kill.
The orc warrior hits you from afar with a +0 trident!!
* * * LOW HITPOINT WARNING * * *
You slice the orc!!
You kill the orc!
Trog accepts your kill.
You hit the orc wizard but do no damage.
The orc wizard is poisoned.
You slash the orc priest!
The orc priest is poisoned.
You barely miss the orc warrior. The orc warrior misses you.
The orc warrior hits you but does no damage.
The orc wizard hits you but does no damage.
An orc warrior comes into view. It is wielding a +0 short sword.
The orc warrior shouts!
The orc priest closely misses you. You furiously retaliate!
You headbutt the orc priest!
You kill the orc priest!
Trog accepts your kill.
The orc warrior hits you with a +0 trident!
* * * LOW HITPOINT WARNING * * *
The orc warrior hits you from afar with a +0 glaive!!
* * * LOW HITPOINT WARNING * * *
The orc warrior hits you with a +0 battleaxe!!
You die...

#.###)..##).......#
..#.....[.))......#
........##))).....###
..#....##....)......#
)############)....###
.# #.........# .#
#....))...# .#
#....o.)..# .#
#....o@o..# .#
#....o..o.# .#
............... .#
........oo...... .#
................ .#
.###.....o...###. .#
#.........# .#
#..o......# .#


You could see 2 orc knights, 4 orc warriors, an orc wizard (strong, very
poisoned) and 2 orcs.

Vanquished Creatures
  3 orc warlords (Orc:1)
  A minotaur (Gauntlet)
  8 hydras
  2 boulder beetles
  A catoblepas (Lair:4)
  2 centaur warriors (D:13)
  3 two-headed ogres
  A tengu warrior (D:12)
  4 orc high priests
  A skeletal warrior (D:13)
  A phantasmal warrior (D:13)
  4 orc knights
  A deep elf pyromancer (D:12)
  5 orc sorcerers
  2 ugly things (D:12)
  An oklob plant (Lair:5)
  7 cyclopes
  A manticore (D:13)
  A salamander (Volcano)
  6 elephants (Gauntlet)
  Maurice (D:8)
  3 black mambas
  Joseph (D:7)
  A torpor snail (Gauntlet)
  6 cane toads
  2 gargoyles
  Psyche (D:8)
  2 unseen horrors
  4 rime drakes
  A kobold demonologist (D:13)
  6 komodo dragons
  2 tengu conjurers (D:13)
  A queen bee (Lair:2)
  A tyrant leech (Lair:2)
  3 meliai (Gauntlet)
  3 trolls
  15 blink frogs
  2 slime creatures (D:13)
  A wraith (D:11)
  5 wyverns
  13 yaks
  2 fire bats (Volcano)
  4 basilisks
  2 steam dragons
  Menkaure (D:7)
  4 nagas (Lair:2)
  5 wargs (Orc:2)
  A swamp worm (Lair:2)
  21 water moccasins
  2 hell hounds (Volcano)
  An ice beast (D:5)
  43 orc warriors
  3 sky beasts
  A hornet zombie (D:6)
  10 black bears
  2 necrophages
  16 wolves
  10 centaurs
  9 ogres
  2 phantoms
  Blork the orc (D:5)
  A kobold brigand (D:7)
  17 bullfrogs
  4 gnoll sergeants
  A wyvern zombie (D:6)
  6 scorpions
  A wyvern skeleton (D:7)
  26 killer bees (Lair:2)
  10 howler monkeys
  3 vampire bats (Lair:5)
  7 wights
  9 electric eels
  A crimson imp (D:5)
  5 centaur zombies
  7 jellies
  2 centaur skeletons (D:5)
  A human zombie (D:6)
  A hound (D:4)
  20 orc priests
  A bullfrog skeleton (D:5)
  7 iguanas
  Terence (D:2)
  24 orc wizards
  3 killer bee zombies
  A mummy (D:6)
  4 howler monkey zombies
  8 adders
  27 gnolls
  2 howler monkey skeletons
  4 shadow imps
  A white imp (Gauntlet)
  3 worms
  A dart slug (D:2)
  87 orcs
  17 endoplasms
  A giant cockroach (D:3)
  12 hobgoblins
  15 jackals
  7 quokkas
  7 ball pythons
  7 bats
  A frilled lizard (D:2)
  12 goblins
  20 kobolds
  4 rats
668 creatures vanquished.

Vanquished Creatures (collateral kills)
  A hydra (Lair:3)
  A catoblepas (D:13)
  2 cane toads (Lair:3)
4 creatures vanquished.

Vanquished Creatures (others)
  A wizard (Gauntlet)
  An orc wizard (Orc:2)
  25 demonic plants (Gauntlet)
  21 fungi
  68 plants
  9 toadstools (D:4)
  14 withered plants (Gauntlet)
139 creatures vanquished.

Grand Total: 811 creatures vanquished

Notes
Turn   | Place    | Note
-------+----------+-------------------------------------------
     0 | D:1      | Shockd the Minotaur Berserker began the quest for the Orb.
     0 | D:1      | Reached XP level 1. HP: 19/19 MP: 0/0
   290 | D:1      | Reached XP level 2. HP: 24/27 MP: 1/1
   535 | D:1      | Reached skill level 4 in Fighting
  1108 | D:1      | Reached XP level 3. HP: 33/33 MP: 2/2
  1431 | D:2      | Reached ** piety under Trog
  1515 | D:2      | Noticed Terence
  1734 | D:2      | Killed Terence
  1735 | D:2      | Reached XP level 4. HP: 22/41 MP: 3/3
  2601 | D:3      | Reached skill level 5 in Fighting
  2602 | D:3      | Reached XP level 5. HP: 48/48 MP: 4/4
  2670 | D:3      | Found Xeoh's Jewellery Boutique.
  2721 | D:3      | Reached skill level 5 in Axes
  3333 | D:4      | Noticed a black bear
  3349 | D:3      | Killed a black bear
  3350 | D:3      | Reached XP level 6. HP: 24/57 MP: 5/5
  3561 | D:4      | Found a staircase to the Ecumenical Temple.
  3565 | D:4      | Reached *** piety under Trog
  3572 | Temple   | Entered the Ecumenical Temple
  3762 | D:4      | Reached skill level 6 in Fighting
  4154 | D:3      | Reached XP level 7. HP: 44/64 MP: 6/6
  4711 | D:4      | Found a hazy altar of Hepliaklqana.
  5105 | D:4      | Reached skill level 7 in Fighting
  5299 | D:5      | Entered Level 5 of the Dungeon
  5490 | D:5      | Found a snail-covered altar of Cheibriados.
  5512 | D:5      | Reached **** piety under Trog
  5785 | D:5      | Reached skill level 5 in Armour
  5785 | D:5      | Reached XP level 8. HP: 73/73 MP: 7/7
  5860 | D:5      | Noticed Blork the orc
  5871 | D:5      | Killed Blork the orc
  5983 | D:5      | Reached skill level 8 in Fighting
  5983 | D:5      | Reached skill level 5 in Dodging
  6217 | D:5      | Noticed a gargoyle
  6575 | D:6      | Reached skill level 9 in Fighting
  6575 | D:6      | Reached XP level 9. HP: 83/83 MP: 8/8
  6765 | D:5      | Found a burning altar of Makhleb.
  6765 | D:5      | Found a shimmering altar of Xom.
  6960 | D:5      | Killed a gargoyle
  7864 | D:6      | Found an ancient bone altar of Kikubaaqudgha.
  8107 | D:6      | Reached skill level 10 in Fighting
  8185 | D:6      | Reached skill level 10 in Axes
  9122 | D:7      | Noticed Joseph
  9261 | D:7      | Killed Joseph
  9262 | D:7      | Reached XP level 10. HP: 94/94 MP: 9/9
  9342 | D:7      | Identified the +6 mace "Loaw" {distort, rElec Int-2 SInv}
  9453 | D:7      | Noticed Menkaure
  9465 | D:7      | Killed Menkaure
  9692 | D:7      | Reached skill level 11 in Fighting
  9780 | D:7      | Found a radiant altar of Vehumet.
 10572 | D:8      | Noticed Maurice
 10799 | D:8      | Killed Maurice
 11083 | D:8      | Found Cyegueto's Magic Scroll Boutique.
 11089 | D:8      | Noticed a two-headed ogre
 11099 | D:8      | Killed a two-headed ogre
 11215 | D:8      | Bought a scroll of identify for 32 gold pieces
 11215 | D:8      | Bought a scroll of blinking for 120 gold pieces
 11215 | D:8      | Bought a scroll of identify for 32 gold pieces
 11215 | D:8      | Bought a scroll of identify for 32 gold pieces
 11215 | D:8      | Bought a scroll of teleportation for 48 gold pieces
 11215 | D:8      | Bought a scroll of teleportation for 48 gold pieces
 11520 | D:8      | Found a glowing golden altar of the Shining One.
 11521 | D:8      | Noticed Psyche
 11728 | D:8      | Killed Psyche
 12044 | D:8      | Found a broken altar of Ashenzari.
 12396 | D:8      | Reached skill level 12 in Fighting
 12633 | D:8      | Bought a scroll of summoning for 152 gold pieces
 12673 | D:9      | Found a bloodstained altar of Trog.
 12709 | D:9      | Found a flagged portal.
 12735 | Bailey   | Entered a bailey
 12774 | Bailey   | Noticed an orc knight
 12804 | Bailey   | Killed an orc knight
 13106 | Bailey   | Reached XP level 11. HP: 55/105 MP: 10/10
 13473 | Bailey   | Noticed an orc sorcerer
 13477 | Bailey   | Noticed an orc knight
 13499 | Bailey   | Noticed a soul eater
 13501 | Bailey   | Killed an orc knight
 13507 | Bailey   | Killed an orc sorcerer
 13999 | Bailey   | Found an iron altar of Okawaru.
 14001 | Bailey   | Noticed an orc sorcerer
 14001 | Bailey   | Noticed an orc knight
 14033 | Bailey   | Killed an orc sorcerer
 14043 | Bailey   | Killed an orc knight
 15345 | D:9      | Reached skill level 13 in Fighting
 15461 | D:9      | Acquired a manual of Fighting
 15536 | D:8      | Bought a scroll of summoning for 152 gold pieces
 15937 | D:9      | Found an iron altar of Okawaru.
 16035 | D:9      | Found an opulent altar of Gozag.
 16035 | D:9      | Found a blossoming altar of Fedhas.
 16278 | D:10     | Entered Level 10 of the Dungeon
 17038 | D:11     | Reached skill level 14 in Fighting
 17322 | D:11     | Found a staircase to the Lair.
 17369 | D:11     | Noticed a boulder beetle
 17387 | D:11     | Killed a boulder beetle
 17821 | D:11     | Reached XP level 12. HP: 113/118 MP: 11/11
 18299 | D:11     | Acquired 889 gold pieces
 18367 | D:8      | Bought a scroll of acquirement for 832 gold pieces
 18368 | D:8      | Acquired the +3 pair of seven-league boots {Rampage+∞}
 18368 | D:8      | Found the +3 pair of seven-league boots {Rampage+∞}
 18489 | D:11     | Noticed a six-headed hydra
 18503 | D:11     | Killed a six-headed hydra
 18504 | D:11     | Reached skill level 15 in Fighting
 18504 | D:11     | Reached skill level 10 in Armour
 19706 | D:12     | Found a staircase to the Orcish Mines.
 19733 | D:12     | Reached ***** piety under Trog
 19946 | D:12     | Found Qicy's Assorted Antiques.
 19952 | D:12     | Bought an emerald potion for 25 gold pieces
 19952 | D:12     | Bought a sapphire potion for 25 gold pieces
 19952 | D:12     | Bought a scroll of teleportation for 84 gold pieces
 19952 | D:12     | Bought a scroll labelled BARCHA NULIPRUE for 28 gold pieces
 20944 | D:13     | Reached skill level 16 in Fighting
 20949 | D:13     | Noticed a two-headed ogre
 21151 | D:13     | Killed a two-headed ogre
 21214 | D:13     | Noticed a centaur warrior
 21214 | D:13     | Noticed a tengu warrior
 21239 | D:12     | Killed a tengu warrior
 21865 | D:13     | Killed a centaur warrior
 21915 | D:13     | Noticed a centaur warrior
 21928 | D:13     | Killed a centaur warrior
 21929 | D:13     | Reached skill level 15 in Axes
 22168 | D:13     | Noticed a catoblepas
 22174 | D:13     | Killed a catoblepas
 22175 | D:13     | Reached skill level 17 in Fighting
 22357 | D:13     | Identified the +6 flail of Muwn {freeze, rF+ Dex+2}
 22367 | D:13     | Found Luogajef's Jewellery Boutique.
 22412 | D:13     | Reached skill level 10 in Dodging
 22500 | D:13     | Found Rumuerin's Neck Hole.
 22511 | D:13     | Bought a +0 cloak of preservation for 138 gold pieces
 22602 | D:13     | Noticed a death knight
 23049 | Lair:1   | Entered Level 1 of the Lair of Beasts
 23196 | Lair:1   | Reached XP level 13. HP: 125/134 MP: 12/12
 23858 | Lair:2   | Found a gate leading to a gauntlet.
 23878 | Lair:2   | Reached skill level 18 in Fighting
 23882 | Gauntlet | Entered a Gauntlet
 23882 | Gauntlet | Found a transporter.
 24265 | Gauntlet | Found a transporter.
 24280 | Gauntlet | Found a transporter.
 24282 | Gauntlet | Found a large runed translucent door.
 24282 | Gauntlet | Found a large runed translucent door.
 24283 | Gauntlet | Found a large runed translucent door.
 24283 | Gauntlet | Found a large runed translucent door.
 24284 | Gauntlet | Found a large runed translucent door.
 24284 | Gauntlet | Found a large runed translucent door.
 24284 | Gauntlet | Found a runed translucent door.
 24284 | Gauntlet | Found a runed translucent door.
 24284 | Gauntlet | Found a large runed translucent door.
 24285 | Gauntlet | Found a transporter.
 24302 | Gauntlet | Found a transporter.
 24316 | Gauntlet | Found a large runed translucent door.
 24317 | Gauntlet | Found a large runed translucent door.
 24318 | Gauntlet | Found a large runed translucent door.
 24318 | Gauntlet | Found a large runed translucent door.
 24319 | Gauntlet | Found a runed translucent gate.
 24320 | Gauntlet | Found a transporter.
 24320 | Gauntlet | Found a runed translucent gate.
 24321 | Gauntlet | Found a runed translucent gate.
 24322 | Gauntlet | Found a large runed translucent door.
 24322 | Gauntlet | Found a large runed translucent door.
 24323 | Gauntlet | Found a large runed translucent door.
 24324 | Gauntlet | Found a large runed translucent door.
 24332 | Gauntlet | Found a transporter.
 24344 | Gauntlet | Found a transporter.
 24356 | Gauntlet | Found a transporter.
 24362 | Gauntlet | Found a transporter.
 24377 | Gauntlet | Found a transporter.
 24394 | Gauntlet | Found a transporter.
 24412 | Gauntlet | Found a transporter.
 24416 | Gauntlet | Found a transporter.
 24442 | Gauntlet | Found a transporter.
 24444 | Gauntlet | Found a transporter.
 24464 | Gauntlet | Found a transporter.
 24538 | Gauntlet | Found a large runed translucent door.
 24542 | Gauntlet | Found a transporter.
 25782 | Gauntlet | Identified the +1 pair of gloves "Buackost" {Regen+}
 25958 | Gauntlet | Noticed a minotaur
 25972 | Gauntlet | Killed a minotaur
 26047 | Gauntlet | Identified the amulet "Racopaut" {Spirit +Blink Int+4 Dex-2
                  | Stlth+}
 26248 | Lair:2   | Found a staircase to the Snake Pit.
 26353 | Lair:2   | Reached skill level 19 in Fighting
 26860 | Lair:2   | Found a staircase to the Swamp.
 27457 | Lair:3   | Reached skill level 20 in Fighting
 27607 | Lair:3   | Found a dark tunnel.
 27612 | Volcano  | Entered a volcano
 27761 | Volcano  | Reached XP level 14. HP: 148/148 MP: 13/13
 28613 | Lair:3   | Identified the +1 leather armour of Satzuop {Int+4}
 29312 | Lair:5   | Found a viscous altar of Jiyva.
 29318 | Lair:5   | Found a staircase to the Slime Pits.
 29752 | Orc:1    | Entered Level 1 of the Orcish Mines
 29827 | Orc:1    | Noticed an orc warlord
 29843 | Orc:1    | Received a gift from Trog
 29859 | Orc:1    | Killed an orc warlord
 30195 | Orc:2    | Entered Level 2 of the Orcish Mines
 30253 | Orc:2    | Noticed an orc warlord
 30439 | Orc:1    | Killed an orc warlord
 30440 | Orc:1    | Reached skill level 21 in Fighting
 30578 | Orc:2    | Found a staircase to the Elven Halls.
 30659 | Orc:1    | Found Hynguapp's Antique Armour Emporium.
 30672 | Orc:1    | Found Utaucs's Antique Armour Boutique.
 30724 | Orc:1    | Bought a twisted ring mail for 243 gold pieces
 30724 | Orc:1    | Identified the +0 ring mail of Echaly {Str+5} (You bought
                  | it in a shop on level 1 of the Orcish Mines)
 30724 | Orc:1    | Bought a runed cloak for 202 gold pieces
 30738 | Orc:1    | Bought a shimmering ring mail for 315 gold pieces
 30738 | Orc:1    | Identified the +1 ring mail "Yneiten" {Harm rF+ rC- Dex+7}
                  | (You bought it in a shop on level 1 of the Orcish Mines)
 31023 | Orc:2    | Noticed an orc warlord
 31202 | Orc:1    | Killed an orc warlord
 31388 | Orc:2    | Received a gift from Trog
 31415 | Orc:2    | Reached ****** piety under Trog
 31423 | Orc:2    | Demolished by an orc warrior

Illustrated notes

Levels and vault maps discovered:
D:1:      sevenhm_arrival_forest_fort_large_2, layout_loops_corners, minivault_5
D:2:      layout_basic, uniq_terence
D:3:      layout_loops_corners, serial_shops, shop
D:4:      cheibrodos_fertilizer, layout_basic, mainiacjoe_overflow_alcove_1,
          minmay_temple_entry_gardened_gates
D:5:      minmay_clustersquares, layout_basic,
          grunt_temple_overflow_champion_of_chaos,
          mainiacjoe_overflow_six_doors_small, serial_bayou,
          serial_bayou_pond_d, serial_bayou_shore_a, serial_bayou_crossing,
          serial_bayou_pond_b, uniq_blork_the_orc
D:6:      layout_basic, lemuel_mausoleum_altar_kikubaaqudgha, minmay_puff
D:7:      layout_layer_cave, fiery_altar_vehumet, wad_rectangle_vault,
          uniq_menkaure, uniq_joseph
D:8:      layout_cave_pods, nicolae_ashenzari_skybound, amcnicky_altar_gilded,
          serial_column_ruins, column_ruins_grid_1, column_ruins_grid_3,
          column_ruins_columns_dead_end, column_ruins_open_tiny, serial_shops,
          nicolae_shop_advertising_works [nicolae_subvault_shop_adworks],
          lightli_minifort, uniq_maurice, uniq_psyche
D:9:      layout_loops_ring, mainiacjoe_overflow_chevrons,
          gammafunk_temple_overflow_elements,
          mainiacjoe_overflow_concentric_impassable, enter_bailey_5,
          special_room [special_room_orc], minmay_sticks_and_stones
D:10:     layout_loops_cross
D:11:     layout_basic, minmay_lair_entry_grove
D:12:     layout_small_grid, minmay_orc_entry_temple_small, serial_shops,
          nicolae_shop_hallway_plus
D:13:     layout_roguey, serial_shops, nicolae_shop_hallway_stairs,
          nicolae_shop_sticking_my_neck_out
Temple:   eino_wide_crystal_templ
Lair:1:   hellmonk_warped_wall, layout_regular_city
Lair:2:   layout_long_grid, palyth_hydra_swamp_entry,
          guppyfry_snake_entry_island, special_room [special_room_bee],
          gauntlet_entry_generic, beast_lair_carwin_4
Lair:3:   layout_hall_layers, enter_volcano_4, beast_lair_carwin_2
Lair:4:   layout_loops_ring
Lair:5:   layout_loops_ring, slime_altar_1, roderic_batcave
Orc:1:    layout_diamond_mine, serial_shops, shop, shop
Orc:2:    st_orc_congregation, layout_caves

Skill      XL: |  1  2  3  4  5  6  7  8  9 10 11 12 13 14 |
---------------+-------------------------------------------+-----
Fighting       | 4 5 6 7 9 10 12 14 17 20 21 | 21.3
Axes           | 4 5 6 7 9 10 12 13 15 17 18 | 18.3
Armour         | 3 4 5 6 7 8 9 11 12 13 | 13.1
Dodging        | 3 4 5 6 7 9 10 11 12 | 12.1

Action                   |  1- 3 |  4- 6 |  7- 9 | 10-12 | 13-15 || total
-------------------------+-------+-------+-------+-------+-------++-------
Melee: Hand axe          |    73 |       |       |       |       ||    73
       Headbutt          |    10 |    16 |    92 |   166 |   109 ||   393
       Short sword       |       |   139 |   378 |   570 |       ||  1087
       Punch             |       |     3 |     4 |    11 |     9 ||    27
       Battleaxe         |       |       |       |     9 |       ||     9
       Broad axe         |       |       |       |    92 |   547 ||   639
Invok: Berserk           |     1 |       |     3 |    12 |    10 ||    26
       Brothers in Arms  |       |       |       |     3 |     1 ||     4
       Trog's Hand       |       |       |       |     1 |     1 ||     2
Evoke: Wand              |       |       |       |    15 |     7 ||    22
       Lightning rod     |       |       |       |     5 |     4 ||     9
  Use: Scroll            |       |       |       |    18 |     5 ||    23
       Potion            |       |       |       |       |     2 ||     2
 Stab: Sleeping          |     4 |       |       |       |       ||     4
       Distracted        |       |       |       |     1 |       ||     1
       Petrified         |       |       |       |     1 |       ||     1
Armor: Animal skin       |    20 |     9 |       |       |       ||    29
       Plate armour      |       |    69 |   286 |   528 |   489 ||  1372
Dodge: Dodged            |    57 |    70 |   149 |   363 |   327 ||   966
